[ AOE2 MATCH · #479218388 ]
UnrankedBurmese vs Persians
[ REPLAY ANALYSIS · EXTRACTED FROM THE RECORDED GAME ]
Feudal
11:22
Castle
—
Imperial
—
| APM avg | 57.1 |
| APM peak | 121 |
| eAPM avg | 16.1 |
| Villagers / military | 30 / 4 |
Focus
⚔️ 25.7% · 🌾 74.3%
Militia ×4
Feudal
8:51
Castle
—
Imperial
—
| APM avg | 40.0 |
| APM peak | 68 |
| eAPM avg | 15.9 |
| Villagers / military | 37 / 9 |
Focus
⚔️ 18.2% · 🌾 81.8%
Scout Cavalry ×9
Feudal
9:24
Castle
—
Imperial
—
| APM avg | 52.0 |
| APM peak | 84 |
| eAPM avg | 13.1 |
| Villagers / military | 33 / 0 |
Focus
⚔️ 3.6% · 🌾 96.4%
Feudal
—
Castle
—
Imperial
—
| APM avg | 50.0 |
| APM peak | 105 |
| eAPM avg | 19.0 |
| Villagers / military | 39 / 0 |
Focus
⚔️ 8.5% · 🌾 91.5%
Feudal
9:46
Castle
—
Imperial
—
| APM avg | 49.9 |
| APM peak | 67 |
| eAPM avg | 21.4 |
| Villagers / military | 28 / 6 |
Focus
⚔️ 24.6% · 🌾 75.4%
Scout Cavalry ×6
Feudal
11:04
Castle
—
Imperial
—
| APM avg | 70.2 |
| APM peak | 111 |
| eAPM avg | 14.3 |
| Villagers / military | 35 / 0 |
Focus
⚔️ 9.8% · 🌾 90.2%
Feudal
8:37
Castle
—
Imperial
—
| APM avg | 43.5 |
| APM peak | 63 |
| eAPM avg | 16.4 |
| Villagers / military | 28 / 0 |
Focus
⚔️ 43.4% · 🌾 56.6%
Feudal
10:58
Castle
—
Imperial
—
| APM avg | 59.5 |
| APM peak | 83 |
| eAPM avg | 27.0 |
| Villagers / military | 35 / 0 |
Focus
⚔️ 31.8% · 🌾 68.2%
Match map
Initial resources + every placement click. Lines = walls · curves = elevation contours. ◆ gold · ⬟ stone · ● berries · ✦ relic · ◌ wall gap
Your base· ✓ Closed at 12:00 · 1t walls · no gate
HSL | KIRA's base· ✓ Closed at 12:00 · 0t walls · no gate
虾米's base· ✓ Closed at 10:49 · 0t walls · no gate
吹尽凡尘心's base· ✓ Closed at 12:00 · 26t walls · 1 gate(s)
月月's base· ✓ Closed at 12:00 · 0t walls · no gate
297539664's base· ✓ Closed at 11:53 · 0t walls · no gate
Mapache's base· ✓ Closed at 12:00 · 27t walls · 1 gate(s)
Aster's base· ✓ Closed at 12:14 · 11t walls · no gate
Smoothed initial terrain · ◌ = detected wall gap · hover for details
Inputs per minute
— Aze - - HSL | KIRA
Build order — Aze
60 actions detected in the replay
| 0:02 | Create | Villager (Male) |
| 0:02 | Create | Villager (Male) |
| 0:04 | Build | House |
| 0:04 | Create | Villager (Male) |
| 0:04 | Create | Villager (Male) |
| 0:07 | Build | House |
| 1:26 | Create | Villager (Male) |
| 1:47 | Build | Lumber Camp |
| 2:03 | Create | Villager (Male) |
| 2:27 | Create | Villager (Male) |
| 2:27 | Create | Villager (Male) |
| 2:45 | Create | Villager (Male) |
| 3:18 | Create | Villager (Male) |
| 3:18 | Create | Villager (Male) |
| 3:28 | Build | House |
| 3:37 | Create | Villager (Male) |
| 3:37 | Create | Villager (Male) |
| 4:11 | Build | Mill |
| 4:29 | Create | Villager (Male) |
| 4:29 | Create | Villager (Male) |
| 4:29 | Create | Villager (Male) |
| 4:30 | Create | Villager (Male) |
| 5:06 | Build | Palisade Wall |
| 5:08 | Build | Palisade Wall |
| 5:10 | Create | Villager (Male) |
| 5:39 | Create | Villager (Male) |
| 5:51 | Build | House |
| 5:52 | Build | House |
| 5:57 | Build | House |
| 6:10 | Create | Villager (Male) |
| 6:19 | Create | Villager (Male) |
| 6:58 | Create | Villager (Male) |
| 7:20 | Create | Villager (Male) |
| 7:45 | Create | Villager (Male) |
| 8:26 | Research | Feudal Age |
| 8:28 | Research | Loom |
| 8:30 | Research | Feudal Age |
| 8:33 | Build | Mining Camp |
| 8:43 | Create | Villager (Male) |
| 8:50 | Create | Villager (Male) |
| 10:09 | Build | Barracks |
| 10:39 | Build | Barracks |
| 10:41 | Create | Villager (Male) |
| 11:22 | Age | Feudal Age |
| 11:27 | Build | Blacksmith |
| 11:30 | Create | Villager (Male) |
| 11:37 | Research | Horse Collar |
| 11:38 | Research | Horse Collar |
| 11:40 | Research | Man-at-Arms (upgrade) |
| 11:42 | Create | Militia |
| 11:42 | Create | Militia |
| 11:48 | Create | Villager (Male) |
| 12:14 | Build | Farm |
| 12:18 | Build | Farm |
| 12:20 | Create | Militia |
| 12:21 | Create | Militia |
| 12:35 | Build | House |
| 12:41 | Build | House |
| 12:43 | Create | Villager (Male) |
| 12:50 | Research | Arson |
Build order — HSL | KIRA
67 actions detected in the replay
| 0:01 | Create | Villager (Male) |
| 0:01 | Create | Villager (Male) |
| 0:01 | Create | Villager (Male) |
| 0:02 | Create | Villager (Male) |
| 0:02 | Build | House |
| 0:04 | Build | House |
| 1:26 | Create | Villager (Male) |
| 1:26 | Create | Villager (Male) |
| 1:49 | Build | Lumber Camp |
| 2:00 | Create | Villager (Male) |
| 2:00 | Create | Villager (Male) |
| 2:18 | Create | Villager (Male) |
| 2:18 | Create | Villager (Male) |
| 2:52 | Create | Villager (Male) |
| 2:53 | Create | Villager (Male) |
| 3:16 | Create | Villager (Male) |
| 3:16 | Create | Villager (Male) |
| 3:45 | Build | House |
| 3:49 | Build | House |
| 4:04 | Create | Villager (Male) |
| 4:04 | Create | Villager (Male) |
| 4:05 | Create | Villager (Male) |
| 4:28 | Create | Villager (Male) |
| 4:28 | Create | Villager (Male) |
| 4:32 | Create | Villager (Male) |
| 4:33 | Create | Villager (Male) |
| 5:46 | Create | Villager (Male) |
| 6:05 | Research | Loom |
| 6:30 | Research | Feudal Age |
| 7:54 | Create | Villager (Male) |
| 7:59 | Build | House |
| 8:08 | Build | Farm |
| 8:09 | Build | Farm |
| 8:51 | Age | Feudal Age |
| 8:53 | Build | Stable |
| 9:07 | Create | Villager (Male) |
| 9:19 | Build | Mill |
| 9:20 | Create | Villager (Male) |
| 9:31 | Build | Mining Camp |
| 9:34 | Create | Scout Cavalry |
| 9:34 | Create | Scout Cavalry |
| 9:34 | Create | Scout Cavalry |
| 9:45 | Create | Villager (Male) |
| 10:26 | Create | Scout Cavalry |
| 10:26 | Create | Scout Cavalry |
| 10:27 | Create | Villager (Male) |
| 10:27 | Create | Villager (Male) |
| 10:27 | Create | Villager (Male) |
| 10:40 | Build | House |
| 10:52 | Create | Villager (Male) |
| 10:52 | Create | Villager (Male) |
| 10:56 | Build | Market |
| 11:12 | Create | Villager (Male) |
| 11:18 | Build | Farm |
| 11:18 | Build | Farm |
| 11:19 | Build | Farm |
| 11:19 | Build | Farm |
| 11:32 | Create | Scout Cavalry |
| 11:32 | Create | Scout Cavalry |
| 11:51 | Create | Villager (Male) |
| 11:51 | Create | Villager (Male) |
| 11:54 | Build | Farm |
| 12:12 | Create | Villager (Male) |
| 12:12 | Create | Villager (Male) |
| 12:38 | Create | Villager (Male) |
| 12:46 | Create | Scout Cavalry |
| 12:46 | Create | Scout Cavalry |
Build order — 虾米
47 actions detected in the replay
| 0:02 | Create | Villager (Male) |
| 0:02 | Create | Villager (Male) |
| 0:02 | Create | Villager (Male) |
| 0:04 | Build | House |
| 0:05 | Build | House |
| 0:35 | Create | Villager (Male) |
| 0:35 | Create | Villager (Male) |
| 0:36 | Create | Villager (Male) |
| 1:46 | Create | Villager (Male) |
| 1:46 | Create | Villager (Male) |
| 2:13 | Create | Villager (Male) |
| 2:31 | Build | Lumber Camp |
| 2:34 | Create | Villager (Male) |
| 3:09 | Create | Villager (Male) |
| 3:09 | Create | Villager (Male) |
| 3:42 | Create | Villager (Male) |
| 3:42 | Create | Villager (Male) |
| 3:48 | Create | Villager (Male) |
| 3:49 | Create | Villager (Male) |
| 3:52 | Build | House |
| 4:04 | Create | Villager (Male) |
| 4:16 | Create | Villager (Male) |
| 4:33 | Build | House |
| 4:35 | Build | House |
| 4:50 | Build | Mill |
| 5:12 | Create | Villager (Male) |
| 5:12 | Create | Villager (Male) |
| 5:24 | Create | Villager (Male) |
| 5:25 | Create | Villager (Male) |
| 5:53 | Create | Villager (Male) |
| 5:53 | Create | Villager (Male) |
| 5:54 | Create | Villager (Male) |
| 6:05 | Create | Villager (Male) |
| 6:06 | Create | Villager (Male) |
| 6:24 | Create | Villager (Male) |
| 7:05 | Build | Mining Camp |
| 7:20 | Research | Feudal Age |
| 7:59 | Create | Villager (Male) |
| 8:00 | Create | Villager (Male) |
| 9:24 | Age | Feudal Age |
| 9:28 | Build | Market |
| 9:37 | Build | Blacksmith |
| 10:15 | Create | Villager (Male) |
| 10:49 | Research | Castle Age |
| 12:14 | Create | Villager (Male) |
| 12:14 | Create | Villager (Male) |
| 12:22 | Build | House |
Build order — 吹尽凡尘心
54 actions detected in the replay
| 0:02 | Build | House |
| 0:03 | Build | House |
| 0:08 | Create | Villager (Male) |
| 0:08 | Create | Villager (Male) |
| 0:09 | Create | Villager (Male) |
| 0:09 | Create | Villager (Male) |
| 0:09 | Create | Villager (Male) |
| 1:31 | Create | Villager (Male) |
| 1:58 | Create | Villager (Male) |
| 2:30 | Create | Villager (Male) |
| 2:47 | Create | Villager (Male) |
| 2:53 | Create | Villager (Male) |
| 3:08 | Build | House |
| 3:08 | Build | House |
| 3:28 | Create | Villager (Male) |
| 3:49 | Build | Lumber Camp |
| 3:56 | Create | Villager (Male) |
| 4:47 | Create | Villager (Male) |
| 4:48 | Create | Villager (Male) |
| 4:48 | Create | Villager (Male) |
| 4:50 | Create | Villager (Male) |
| 4:50 | Create | Villager (Male) |
| 5:04 | Build | House |
| 5:17 | Create | Villager (Male) |
| 5:17 | Create | Villager (Male) |
| 5:52 | Create | Villager (Male) |
| 6:11 | Create | Villager (Male) |
| 6:29 | Build | Mill |
| 6:30 | Create | Villager (Male) |
| 6:34 | Create | Villager (Male) |
| 7:30 | Research | Loom |
| 7:31 | Create | Villager (Male) |
| 7:31 | Create | Villager (Male) |
| 8:06 | Create | Villager (Male) |
| 8:06 | Create | Villager (Male) |
| 8:30 | Build | Farm |
| 8:31 | Build | Farm |
| 8:38 | Create | Villager (Male) |
| 8:38 | Create | Villager (Male) |
| 9:01 | Build | Palisade Wall |
| 9:05 | Create | Villager (Male) |
| 9:13 | Create | Villager (Male) |
| 9:26 | Build | Mining Camp |
| 9:38 | Build | Palisade Wall |
| 9:39 | Create | Villager (Male) |
| 9:45 | Create | Villager (Male) |
| 11:06 | Create | Villager (Male) |
| 11:14 | Create | Villager (Male) |
| 11:36 | Create | Villager (Male) |
| 11:46 | Build | Palisade Gate |
| 11:55 | Create | Villager (Male) |
| 12:20 | Build | Lumber Camp |
| 12:21 | Create | Villager (Male) |
| 12:21 | Create | Villager (Male) |
Build order — 月月
53 actions detected in the replay
| 0:02 | Create | Villager (Male) |
| 0:02 | Create | Villager (Male) |
| 0:03 | Create | Villager (Male) |
| 0:04 | Build | House |
| 0:05 | Build | House |
| 0:10 | Create | Villager (Male) |
| 1:38 | Create | Villager (Male) |
| 1:41 | Create | Villager (Male) |
| 1:49 | Build | Lumber Camp |
| 2:23 | Create | Villager (Male) |
| 2:55 | Create | Villager (Male) |
| 3:11 | Create | Villager (Male) |
| 3:11 | Create | Villager (Male) |
| 3:28 | Build | House |
| 3:37 | Create | Villager (Male) |
| 3:37 | Create | Villager (Male) |
| 3:56 | Build | Mill |
| 4:15 | Create | Villager (Male) |
| 4:15 | Create | Villager (Male) |
| 4:15 | Create | Villager (Male) |
| 4:47 | Create | Villager (Male) |
| 4:56 | Create | Villager (Male) |
| 5:15 | Create | Villager (Male) |
| 5:34 | Build | House |
| 5:54 | Create | Villager (Male) |
| 6:29 | Create | Villager (Male) |
| 6:29 | Create | Villager (Male) |
| 6:42 | Create | Villager (Male) |
| 7:33 | Build | Barracks |
| 7:36 | Research | Feudal Age |
| 8:34 | Build | House |
| 9:42 | Create | Villager (Male) |
| 9:43 | Create | Villager (Male) |
| 9:46 | Age | Feudal Age |
| 9:48 | Build | Stable |
| 9:52 | Research | Double-Bit Axe |
| 10:12 | Build | Stable |
| 10:27 | Research | Wheelbarrow |
| 10:51 | Create | Scout Cavalry |
| 10:51 | Create | Scout Cavalry |
| 11:04 | Create | Villager (Male) |
| 11:06 | Create | Villager (Male) |
| 11:17 | Build | House |
| 11:30 | Build | Blacksmith |
| 11:33 | Create | Scout Cavalry |
| 11:33 | Create | Scout Cavalry |
| 11:37 | Create | Scout Cavalry |
| 12:00 | Create | Villager (Male) |
| 12:01 | Research | Horse Collar |
| 12:09 | Build | House |
| 12:13 | Create | Scout Cavalry |
| 12:43 | Research | Bloodlines |
| 12:45 | Create | Villager (Male) |
Build order — 297539664
54 actions detected in the replay
| 0:01 | Create | Villager (Male) |
| 0:01 | Create | Villager (Male) |
| 0:01 | Create | Villager (Male) |
| 0:02 | Build | House |
| 0:03 | Build | House |
| 0:13 | Create | Villager (Male) |
| 0:13 | Create | Villager (Male) |
| 1:27 | Create | Villager (Male) |
| 1:53 | Build | Lumber Camp |
| 1:58 | Create | Villager (Male) |
| 1:58 | Create | Villager (Male) |
| 2:15 | Create | Villager (Male) |
| 2:15 | Create | Villager (Male) |
| 2:47 | Create | Villager (Male) |
| 2:48 | Create | Villager (Male) |
| 3:02 | Create | Villager (Male) |
| 3:03 | Create | Villager (Male) |
| 3:25 | Build | House |
| 3:25 | Build | House |
| 3:34 | Create | Villager (Male) |
| 3:34 | Create | Villager (Male) |
| 4:12 | Create | Villager (Male) |
| 4:12 | Create | Villager (Male) |
| 4:12 | Create | Villager (Male) |
| 5:03 | Create | Villager (Male) |
| 5:03 | Create | Villager (Male) |
| 5:04 | Create | Villager (Male) |
| 5:32 | Create | Villager (Male) |
| 5:32 | Create | Villager (Male) |
| 6:05 | Create | Villager (Male) |
| 6:05 | Create | Villager (Male) |
| 6:05 | Create | Villager (Male) |
| 6:48 | Create | Villager (Male) |
| 6:55 | Create | Villager (Male) |
| 7:12 | Build | Mining Camp |
| 7:20 | Create | Villager (Male) |
| 7:55 | Build | Mill |
| 8:03 | Create | Villager (Male) |
| 8:12 | Build | Mining Camp |
| 8:34 | Create | Villager (Male) |
| 8:47 | Build | House |
| 8:54 | Research | Feudal Age |
| 9:36 | Create | Villager (Male) |
| 11:04 | Age | Feudal Age |
| 11:06 | Build | Market |
| 11:08 | Build | Blacksmith |
| 11:53 | Research | Castle Age |
| 11:53 | Research | Castle Age |
| 12:20 | Build | Lumber Camp |
| 12:23 | Create | Villager (Male) |
| 12:23 | Create | Villager (Male) |
| 12:28 | Build | Farm |
| 12:29 | Build | Farm |
| 12:30 | Build | Farm |
Build order — Mapache
50 actions detected in the replay
| 0:01 | Create | Villager (Male) |
| 0:01 | Create | Villager (Male) |
| 0:03 | Build | House |
| 0:04 | Build | House |
| 0:15 | Create | Villager (Male) |
| 0:24 | Create | Villager (Male) |
| 1:24 | Create | Villager (Male) |
| 1:51 | Build | Lumber Camp |
| 1:57 | Create | Villager (Male) |
| 2:13 | Create | Villager (Male) |
| 2:33 | Create | Villager (Male) |
| 2:33 | Create | Villager (Male) |
| 2:53 | Create | Villager (Male) |
| 3:19 | Create | Villager (Male) |
| 3:41 | Create | Villager (Male) |
| 3:50 | Build | House |
| 4:09 | Create | Villager (Male) |
| 4:25 | Build | Mining Camp |
| 4:34 | Create | Villager (Male) |
| 5:21 | Create | Villager (Male) |
| 5:28 | Research | Loom |
| 6:27 | Research | Feudal Age |
| 8:04 | Create | Villager (Male) |
| 8:15 | Build | Mill |
| 8:17 | Build | House |
| 8:37 | Age | Feudal Age |
| 8:41 | Build | Stone Wall |
| 8:46 | Create | Villager (Male) |
| 8:48 | Research | Double-Bit Axe |
| 9:11 | Create | Villager (Male) |
| 9:17 | Create | Villager (Male) |
| 10:01 | Create | Villager (Male) |
| 10:05 | Build | House |
| 10:06 | Research | Horse Collar |
| 10:10 | Build | Farm |
| 10:28 | Build | Gate |
| 10:30 | Build | Stone Wall |
| 10:33 | Build | Mining Camp |
| 10:33 | Create | Villager (Male) |
| 10:41 | Build | House |
| 10:41 | Create | Villager (Male) |
| 10:46 | Create | Villager (Male) |
| 11:11 | Build | Farm |
| 11:26 | Create | Villager (Male) |
| 11:28 | Build | Farm |
| 11:41 | Create | Villager (Male) |
| 12:08 | Create | Villager (Male) |
| 12:25 | Create | Villager (Male) |
| 12:51 | Build | Market |
| 12:52 | Create | Villager (Male) |
Build order — Aster
50 actions detected in the replay
| 0:02 | Create | Villager (Male) ×4 |
| 0:03 | Create | Villager (Male) ×4 |
| 0:05 | Build | House |
| 0:06 | Build | House |
| 1:31 | Create | Villager (Male) |
| 1:31 | Create | Villager (Male) |
| 1:47 | Build | Lumber Camp |
| 1:59 | Create | Villager (Male) |
| 1:59 | Create | Villager (Male) |
| 2:19 | Create | Villager (Male) |
| 2:33 | Create | Villager (Male) |
| 2:50 | Create | Villager (Male) |
| 2:50 | Create | Villager (Male) |
| 3:29 | Build | House |
| 3:30 | Build | House |
| 3:33 | Create | Villager (Male) |
| 3:34 | Create | Villager (Male) |
| 3:46 | Create | Villager (Male) |
| 3:47 | Create | Villager (Male) |
| 4:06 | Create | Villager (Male) |
| 4:06 | Create | Villager (Male) |
| 4:30 | Build | House |
| 4:38 | Create | Villager (Male) |
| 4:38 | Create | Villager (Male) |
| 4:41 | Build | Mill |
| 4:49 | Build | House |
| 5:00 | Create | Villager (Male) |
| 5:00 | Create | Villager (Male) |
| 5:28 | Create | Villager (Male) |
| 5:28 | Create | Villager (Male) |
| 6:03 | Create | Villager (Male) |
| 6:16 | Create | Villager (Male) |
| 6:38 | Create | Villager (Male) |
| 7:14 | Build | Farm |
| 7:21 | Create | Villager (Male) |
| 7:21 | Create | Villager (Male) |
| 8:27 | Build | Mining Camp |
| 8:39 | Research | Feudal Age |
| 9:45 | Create | Villager (Male) |
| 9:45 | Create | Villager (Male) |
| 10:58 | Age | Feudal Age |
| 10:59 | Build | Market |
| 11:00 | Build | Blacksmith |
| 11:15 | Research | Loom |
| 11:15 | Research | Loom |
| 11:58 | Build | Stone Wall |
| 12:14 | Research | Castle Age |
| 12:14 | Research | Castle Age |
| 12:25 | Build | Stone Wall |
| 12:38 | Build | Stone Wall |
Match timeline
| 5:06 | Aze · wall_segment Palisade Wall x1 |
| 5:08 | Aze · wall_segment Palisade Wall x1 |
| 7:33 | 月月 · first_building Barracks |
| 8:37 | Mapache · age_up feudal |
| 8:41 | Mapache · wall_segment Stone Wall x25 |
| 8:51 | HSL | KIRA · age_up feudal |
| 8:53 | HSL | KIRA · first_building Stable |
| 9:01 | 吹尽凡尘心 · wall_segment Palisade Wall x10 |
| 9:24 | 虾米 · age_up feudal |
| 9:38 | 吹尽凡尘心 · wall_segment Palisade Wall x16 |
| 9:46 | 月月 · age_up feudal |
| 9:48 | 月月 · first_building Stable |
| 10:09 | Aze · first_building Barracks |
| 10:30 | Mapache · wall_segment Stone Wall x2 |
| 10:58 | Aster · age_up feudal |
| 11:04 | 297539664 · age_up feudal |
| 11:22 | Aze · age_up feudal |
| 11:58 | Aster · wall_segment Stone Wall x11 |
| 12:11 | Aster · first_market_sell 100 food |
| 12:25 | Aster · wall_segment Stone Wall x4 |
| 12:38 | Aster · wall_segment Stone Wall x14 |
| 12:49 | Aster · resign |
[ AI ANALYSIS · 1 CREDIT ]
What really happened in this match?
Wolo.gg analyzes every decision: build order, eco, micro, common mistakes by bracket. Personalized analysis on WhatsApp or Discord in 30 seconds.
Civ guide
Burmese
Perfil
Aze